 Dungeon Sprint DCSS version 0.31-a0-845-g9abc20d24f (webtiles) character file.

Game seed: 7560255086496360011

900000 Danienth the Chopper (level 1, -9/12 HPs)
             Began as a Gargoyle Gladiator on Oct 2, 2023.
             Was an Initiate of Makhleb.
             Mangled by a meat berserker
             ... wielding a +9 battleaxe
              (21 damage)
             ... in the Dungeon (Sprint VIII: "Arena of Blood").
             The game lasted 00:00:25 (9 turns).

Danienth the Chopper (Gargoyle Gladiator)              Turns: 9, Time: 00:00:27

Health: -9/12      AC:  6    Str: 17    XL:     1   Next: 0%
Magic:  1/1        EV: 12    Int:  8    God:    Makhleb [......]
Gold:   0          SH:  0    Dex: 11    Spells: 0/0 levels left

rFire   . . .        l - +∞ Axe of Woe
rCold   . . .        (shield currently unavailable)
rNeg    + . .        b - +0 leather armour
rPois   ∞            c - +0 helmet
rElec   +            (no cloak)
rCorr   .            (no gloves)
SInv    .            (no boots)
Will    .....        (no amulet)
Stlth   +            (no ring)
HPRegen 0.22/turn    (no ring)
MPRegen 0.07/turn

%: no teleportation
@: no status effects
A: sickness immunity, AC +2, negative energy resistance 1, electricity
resistance, torment resistance 1, petrification resistance
a: Renounce Religion


You were in the Dungeon.
You worshipped Makhleb.
Makhleb was noncommittal.
You visited 1 branch

Inventory:

Hand Weapons
 a - a +0 war axe
 l - the +∞ Axe of Woe (weapon)
   (You found it in the Dungeon)
Missiles
 d - a throwing net (quivered)
 e - a javelin
Armour
 b - a +0 leather armour (worn)
 c - a +0 helmet (worn)
Scrolls
 k - a scroll of blinking
Potions
 f - a potion of curing
 g - a potion of heal wounds
 h - a potion of haste
 i - 2 potions of magic
 j - a potion of berserk rage


   Skills:
 + Level 2.1 Fighting
 + Level 2.6 Axes
 + Level 1.7 Throwing
 + Level 2.4 Dodging


You couldn't memorise any spells.
You didn't know any spells.
Your spell library was empty.

Dungeon Overview and Level Annotations

Branches:
Dungeon (1/1)

Altars:
Makhleb


Innate Abilities, Weirdness & Mutations

You are immune to sickness and miasma.
Your stone body is resilient. (AC +2)
You are immune to poison.
You resist negative energy. (rN+)
You are resistant to electric shocks. (rElec)
You are resistant to unholy torment.
You are immune to petrification.


Message History

You kneel at the altar of Makhleb.
Makhleb welcomes you!
A bag of meat comes into view. It is wielding a +9 war axe. x2
Throw: 3 throwing nets
Press: ? - help, Q - select action, (/) - cycle Shift-Dir - straight line, f - meat berserker
Aim: a meat berserker, wielding a +9 battleaxe and wearing a +30 ring of slaying (berserk, 70% to hit)
You throw a throwing net.
The throwing net closely misses the meat berserker.
The bag of meat shouts!
Throw: 2 throwing nets
Press: ? - help, Q - select action, (/) - cycle Shift-Dir - straight line, f/p - meat berserker
Aim: a meat berserker, wielding a +9 battleaxe and wearing a +30 ring of slaying (berserk, 70% to hit)
You throw a throwing net.
The throwing net hits the meat berserker.
The meat berserker is caught in the net!
The meat berserker struggles against the net.
A meat berserker comes into view. It is wielding a +9 battleaxe.
A bag of meat comes into view. It is wielding a +9 war axe.
A bag of meat comes into view. It is wielding a +9 war axe.
The bag of meat shouts!
The meat berserker struggles against the net.
A meat berserker comes into view. It is wielding a +9 battleaxe.
The meat berserker struggles against the net.
The bag of meat moves out of view.
The meat berserker struggles against the net.
The net rips apart, and the meat berserker comes free!
A bag of meat comes into view. It is wielding a +9 war axe.
Cleave: l) +∞ Axe of Woe
Press: ? - help, Dir - move target, f - meat berserker, p - meat berserker
Aim: a meat berserker, wielding a +9 battleaxe and wearing a +30 ring of slaying (berserk, about 0% to evade the +∞ Axe of Woe)
The bag of meat shouts!
You slice the meat berserker!!
You slaughter the meat berserker joyfully.
You kill the meat berserker!
Makhleb accepts your kill.
The meat berserker rages.
A bag of meat comes into view. It is wielding a +9 war axe.
The meat berserker hits you with a +9 battleaxe!!
Ouch! That really hurt!
You die...

.. .. .. .. #.
.# #.. ..#
.###.. ..###.
..o...###......
....o.._.......
....#..@..#....
. #_.O._# .
#...o.#
....(_.....
.....O###......
.###.. ..###.
#.. ..#


#oo ..# .. .. You could see 2 meat berserkers and 5 bags of meat.

Vanquished Creatures
  An ogre (D)
1 creature vanquished.

Notes
Turn   | Place    | Note
-------+----------+-------------------------------------------
     0 | D        | Found the +∞ Axe of Woe
     0 | D        | Danienth the Gargoyle Gladiator began the quest for the
                  | Orb.
     0 | D        | Reached XP level 1. HP: 12/12 MP: 1/1
     0 | D        | Noticed a meat berserker
     2 | D        | Noticed a bag of meat
     4 | D        | Became a worshipper of Makhleb the Destroyer
     4 | D        | Noticed a bag of meat
     4 | D        | Noticed a bag of meat
     6 | D        | Noticed a meat berserker
     6 | D        | Noticed a bag of meat
     7 | D        | Noticed a bag of meat
     7 | D        | Noticed a meat berserker
     8 | D        | Noticed a bag of meat
     9 | D        | Killed a meat berserker
     9 | D        | Noticed a bag of meat
     9 | D        | Mangled by a meat berserker

Illustrated notes

Levels and vault maps discovered:
D:        meatsprint

Action                     || total
---------------------------++-------
  Melee: Executioner's axe ||     1
  Throw: Throwing net      ||     2
 Armour: Leather armour    ||     1

Table legend: (Time is in decaauts)
 A = Elapsed time spent in this place.
 B = Non-inter-level travel time spent in this place.
 C = Inter-level travel time spent in this place.
 D = Time resting spent in this place.
 E = Time spent auto-exploring this place.
 F = Levels seen in this place.
 G = Mean time per level.
                   A        B        C        D        E       F      G
               +--------+--------+--------+--------+--------+-----+--------+
         Total |      8 |      8 |      0 |      0 |      0 |   1 |    8.0 |
       Dungeon |      8 |      8 |      0 |      0 |      0 |   1 |    8.0 |
               +--------+--------+--------+--------+--------+-----+--------+

Top non-repeatable levels by time:
       D: 8 daAuts
